 Dungeon Crawl Stone Soup version 0.31-a0-60-g62046a28e0 (webtiles) character file.

Game seed: 784103429026253887

22213 Lavandula the Destroyer (level 12, -15/88 HPs)
             Began as a Mummy Conjurer on May 22, 2023.
             Demolished by a frost giant
             ... wielding a +2 battleaxe of freezing
              (19 damage)
             ... in an ice cave.
             The game lasted 00:45:09 (16326 turns).

Lavandula the Destroyer (Mummy Conjurer)           Turns: 16326, Time: 00:45:10

Health: -15/88     AC: 10    Str: 12    XL:     12   Next: 61%
Magic:  7/25       EV: 13    Int: 21    God:
Gold:   140        SH:  0    Dex: 10    Spells: 6/30 levels left

rFire   x . .        k - +2 great sword (venom)
rCold   + + .        (shield currently unavailable)
rNeg    + + +        B - +2 robe {Archmagi}
rPois   ∞            d - +2 helmet
rElec   .            y - scarf {repulsion}
rCorr   .            z - +2 pair of gloves
SInv    .            (no boots)
Will    +....        (no amulet)
Stlth   ++           m - ring of wizardry
HPRegen 0.34/turn    a - ring of protection from cold
MPRegen 0.19/turn

%: repel missiles, faith, wizardry (x1), archmagi
@: about to teleport
A: cold resistance 1, negative energy resistance 3, torment resistance 2, heat
vulnerability 1, in touch with death 1, no potions, faith
a: no special abilities


You were in an ice cave.
You visited 2 branches of the dungeon, and saw 13 of its levels.
You visited 1 bazaar.
You also visited: Sewer and Ice Cave.

You collected 666 gold pieces.
You spent 526 gold pieces at shops.

Inventory:

Hand Weapons
 e - a +0 rapier
 k - a +2 great sword of venom (weapon)
 s - a -1 demon whip of venom
Missiles
 p - 3 throwing nets
Armour
 d - a +2 helmet (worn)
 h - +0 steam dragon scales
 q - +0 acid dragon scales
 u - +0 ice dragon scales
 v - a +1 leather armour of cold resistance
 y - a scarf of repulsion (worn)
 z - a +2 pair of gloves (worn)
 B - a +2 robe of the Archmagi (worn)
 F - a scarf of shadows
Jewellery
 a - a ring of protection from cold (right hand)
 m - a ring of wizardry (left hand)
 n - a ring of willpower
Wands
 f - a wand of flame (37)
 C - a wand of polymorph (5)
 D - a wand of iceblast (2)
 E - a wand of mindburst (4)
Scrolls
 b - 2 scrolls of silence
 c - a scroll of vulnerability
 g - 4 scrolls of fear
 j - 4 scrolls of fog
 l - a scroll of butterflies
 o - a scroll of brand weapon
 r - 2 scrolls of blinking
 w - 2 scrolls of teleportation
 x - 2 scrolls of enchant weapon
 A - a scroll of identify


   Skills:
 - Level 6.0 Fighting
 + Level 3.9 Long Blades
 - Level 5.0 Dodging
 - Level 2.5 Stealth
 - Level 9.9 Spellcasting
 - Level 11.6 Conjurations
 - Level 2.0 Hexes
 - Level 6.6 Necromancy
 - Level 3.1 Ice Magic
 - Level 3.1 Air Magic
 - Level 5.0 Evocations


You had 6 spell levels left.
You knew the following spells:

 Your Spells              Type           Power      Damage    Failure   Level
a - Magic Dart            Conj           100%       1d8       1%          1
b - Searing Ray           Conj           100%       2d8       1%          2
c - Dazzling Flash        Conj/Hex       100%       N/A       1%          3
d - Kiss of Death         Conj/Necr      100%       2d13      1%          1
e - Fulminant Prism       Conj/Hex       25%        3d14      2%          4
f - Dispel Undead         Necr           72%        3d24      1%          4
g - Iskenderun's Mystic   Conj/Tloc      44%        2d10      4%          4
h - Freezing Cloud        Conj/Ice/Air   21%        6-21      12%         5

Your spell library contained the following spells:

 Spells                   Type           Power      Damage    Failure   Level
 Mephitic Cloud           Conj/Pois/Air  36%        N/A       1%          3
 Poisonous Vapours        Pois/Air       34%        N/A       3%          2
 Confusing Touch          Hex            28%        N/A       3%          3
 Leda's Liquefaction      Hex/Erth       7%         N/A       28%         4
 Lee's Rapid Deconstruct  Erth           7%         3d7*      56%         5
 Statue Form              Tmut/Erth      Unusable   N/A       N/A         6

Dungeon Overview and Level Annotations

Branches:
Dungeon (12/15)            Temple (1/1) D:5            Lair (0/5) D:9
    Orc (0/2) D:12          Sewer (visited)           IceCv (1/1)

Altars:
Ashenzari
Cheibriados
Dithmenos
Fedhas
Gozag
Hepliaklqana
Makhleb
Nemelex Xobeh
Okawaru
Qazlal
Ru
Sif Muna
Trog
Vehumet
Wu Jian
Xom
Yredelemnul

Shops:
D:2 ?   D:3 ?   D:8 :   D:9 [

Annotations:
D:5 Edmund
D:10 1 runed translucent door, Banquo's ghost, journeyman DjAE


Innate Abilities, Weirdness & Mutations

You are immune to poison.
Your flesh is cold resistant. (rC+)
You are immune to negative energy. (rN+++)
You are immune to unholy pain and torment.
You are vulnerable to heat. (rF-)
You are in touch with the powers of death.
You do not drink.
You have a special connection with the divine. (Faith)


Message History

Casting: Dazzling Flash (safe; 1% risk of failure)
Press: ? - help, Dir - look around, f - activate You feel a surge of power!
The rime drake is dazzled.
The yak is dazzled.
The frost giant gestures at you while chanting.
The bolt of cold hits you! You resist.
The death yak is engulfed in freezing vapours.
The death yak gores you!
* * * LOW HITPOINT WARNING * * *
The polar bear is engulfed in freezing vapours.
The rime drake is engulfed in freezing vapours.
You kill the rime drake!
Your Long Blades skill increases to level 3!
Unknown command.
As you read the scroll of teleportation, it crumbles to dust.
You feel strangely unstable.
The frost giant is engulfed in freezing vapours.
The frost giant casts a spell at you. The bolt of cold hits you! You resist.
* * * LOW HITPOINT WARNING * * *
The polar bear is engulfed in freezing vapours.
The death yak is engulfed in freezing vapours.
The death yak gores you but does no damage.
The yak is engulfed in freezing vapours.
The death yak is engulfed in freezing vapours.
You kill the death yak!
The frost giant is engulfed in freezing vapours.
Unknown command.
The frost giant attacks as you move away!
The frost giant hits you but does no damage.
You feel a bit more experienced.
Unknown command.
The frost giant attacks as you move away!
The frost giant hits you with a +2 battleaxe of freezing!
* * * LOW HITPOINT WARNING * * *
The frost giant freezes you.
* * * LOW HITPOINT WARNING * * *
Unknown command.
The frost giant attacks as you move away!
The frost giant hits you with a +2 battleaxe of freezing!!
You die...

#.##
#..#
##.##
#hY# #
#..##
#
##.h#
###
##.#
#..
#C.#
##..
##@.#
#...
#..##
###.
#..#
#.
##.##
#.
#..#
#.
#..#
##
#.##
### #
#†.#
##.# #
#..#
#..###


You could see a frost giant and a polar bear.

Vanquished Creatures
  An ice dragon (D:12)
  6 death yaks (IceCv)
  2 two-headed ogres
  Amaemon (D:8)
  3 cyclopes
  Joseph (D:8)
  An ice statue (IceCv)
  2 gargoyles
  An orange demon (D:8)
  Maggie (D:8)
  7 rime drakes
  6 polar bears
  Grinder (D:3)
  2 shadows
  3 wraiths
  Sigmund (D:3)
  27 yaks
  2 steam dragons
  7 vampire mosquitoes
  2 acid dragons
  Duvessa (D:5)
  Pargi (Sewer)
  5 orc warriors
  2 ogres
  A black bear (D:5)
  An ice beast (D:7)
  A sky beast (D:6)
  10 wolves
  8 centaurs
  2 kobold brigands (D:8)
  3 bullfrogs
  A scorpion (D:5)
  Dowan (D:5)
  2 howler monkeys (D:9)
  3 hounds
  6 orc priests
  A gnoll bouda (D:7)
  2 jellies (D:6)
  3 sleepcaps
  Jessica (D:2)
  6 orc wizards
  2 iguanas
  16 gnolls
  13 adders
  2 shadow imps (D:6)
  2 white imps
  3 worms
  A dart slug (D:1)
  39 orcs
  4 bats
  6 endoplasms
  2 giant cockroaches
  5 hobgoblins
  2 jackals (D:3)
  24 kobolds
  6 quokkas
  10 ball pythons
  9 frilled lizards
  6 goblins
  5 rats
295 creatures vanquished.

Vanquished Creatures (others)
  63 fulminant prisms
63 creatures vanquished.

Grand Total: 358 creatures vanquished

Notes
Turn   | Place    | Note
-------+----------+-------------------------------------------
     0 | D:1      | Lavandula the Mummy Conjurer began the quest for the Orb.
     0 | D:1      | Reached XP level 1. HP: 13/13 MP: 4/4
   261 | D:1      | Reached XP level 2. HP: 19/19 MP: 0/6
   548 | D:1      | Learned a level 2 spell: Searing Ray
   938 | D:1      | Reached skill level 4 in Conjurations
  1139 | D:2      | Gained mutation: You are in touch with the powers of death.
                  | [Mummy growth]
  1139 | D:2      | Reached XP level 3. HP: 24/24 MP: 4/7
  1143 | D:2      | Learned a level 3 spell: Dazzling Flash
  1188 | D:2      | Found a sparkling altar of Nemelex Xobeh.
  1319 | D:2      | Learned a level 1 spell: Kiss of Death
  1348 | D:2      | Found Erphon's Magic Scroll Boutique.
  1351 | D:2      | Bought a scroll of identify for 22 gold pieces
  1430 | D:2      | Noticed Jessica
  1434 | D:2      | Killed Jessica
  1435 | D:2      | Reached skill level 1 in Necromancy
  1773 | D:2      | Reached XP level 4. HP: 30/30 MP: 3/8
  2215 | D:2      | Bought a scroll of fear for 44 gold pieces
  2309 | D:2      | Found a faded altar of an unknown god.
  2512 | D:3      | Noticed Grinder
  2602 | D:3      | Found a shimmering blue altar of Sif Muna.
  2624 | D:3      | Noticed Sigmund
  2636 | D:3      | Killed Sigmund
  2637 | D:3      | Reached skill level 5 in Conjurations
  2637 | D:3      | Reached XP level 5. HP: 35/35 MP: 3/9
  2838 | D:3      | You fall into a shaft and drop 1 floor!
  2861 | D:4      | Reached XP level 6. HP: 41/41 MP: 5/11
  2937 | D:4      | Learned a level 4 spell: Fulminant Prism
  3106 | D:4      | Found a blossoming altar of Fedhas.
  3447 | D:3      | Reached skill level 5 in Spellcasting
  3650 | D:3      | Paralysed by Grinder for 5 turns
  3661 | D:3      | Killed Grinder
  3662 | D:3      | Reached XP level 7. HP: 29/46 MP: 2/16
  3667 | D:3      | Learned a level 4 spell: Dispel Undead
  4238 | D:3      | Found Medym's Magic Scroll Shoppe.
  4273 | D:3      | Bought a scroll of butterflies for 48 gold pieces
  4885 | D:5      | Entered Level 5 of the Dungeon
  5230 | D:6      | Found a glowing drain.
  5256 | Sewer    | Entered a sewer
  5387 | Sewer    | Noticed Pargi
  5398 | Sewer    | Killed Pargi
  5399 | Sewer    | Reached skill level 5 in Necromancy
  5767 | D:6      | Reached XP level 8. HP: 39/47 MP: 8/17
  5962 | D:2      | Bought a scroll of magic mapping for 82 gold pieces
  6033 | D:5      | Found a staircase to the Ecumenical Temple.
  6040 | D:5      | Noticed Edmund
  6381 | D:5      | Found a radiant altar of Vehumet.
  6420 | Temple   | Entered the Ecumenical Temple
  6859 | D:6      | Reached skill level 6 in Conjurations
  7410 | D:5      | Noticed Dowan
  7411 | D:5      | Noticed Duvessa
  7414 | D:5      | Killed Dowan
  7415 | D:5      | Reached skill level 1 in Hexes
  7418 | D:5      | Killed Duvessa
  7419 | D:5      | Reached skill level 7 in Conjurations
  7548 | D:6      | Reached XP level 9. HP: 24/57 MP: 3/18
  7743 | D:6      | Found a burning altar of Makhleb.
  7872 | D:6      | Found a sacrificial altar of Ru.
  7893 | D:6      | Identified the +1 leather armour "Ceblan" {-Tele rC+ Regen+
                  | Stlth+}
  8031 | D:7      | Found an opulent altar of Gozag.
  8168 | D:7      | Reached skill level 8 in Conjurations
  9069 | D:8      | Found Higgyop's Book Emporium.
  9187 | D:8      | Reached skill level 9 in Conjurations
  9276 | D:8      | Found a hazy altar of Hepliaklqana.
  9416 | D:8      | Noticed Maggie
  9416 | D:8      | Noticed Joseph
  9840 | D:8      | Noticed Amaemon
  9855 | D:8      | Noticed an orange demon
  9915 | D:8      | Killed Maggie
  9916 | D:8      | Reached skill level 10 in Conjurations
 10058 | D:8      | Killed an orange demon
 10059 | D:8      | Reached XP level 10. HP: 57/63 MP: 4/19
 10093 | D:8      | Reached skill level 1 in Fighting
 10267 | D:8      | Killed Amaemon
 10481 | D:8      | Learned a level 4 spell: Iskenderun's Mystic Blast
 10854 | D:8      | Killed Joseph
 10855 | D:8      | Reached skill level 5 in Fighting
 11256 | D:9      | Found a staircase to the Lair.
 11257 | D:9      | Found Lodaax's Antique Armour Boutique.
 11257 | D:9      | Noticed a death yak
 11257 | D:9      | Noticed a death yak
 11257 | D:9      | Noticed a death yak
 11578 | D:9      | Noticed a death yak
 11616 | D:10     | Entered Level 10 of the Dungeon
 11722 | D:10     | Identified the +0 ring mail "Yntiotaveo" {*Corrode Dex+2
                  | SInv}
 11784 | D:9      | Noticed a death yak
 11785 | D:9      | Noticed a death yak
 11791 | D:9      | Noticed a death yak
 11791 | D:9      | Noticed a death yak
 12089 | D:10     | Identified the +0 leather armour of Duloeno {-Tele rC+
                  | Str+4}
 12105 | D:10     | Reached skill level 1 in Evocations
 12264 | D:10     | Noticed a two-headed ogre
 12302 | D:10     | Killed a two-headed ogre
 12303 | D:10     | Reached XP level 11. HP: 73/81 MP: 4/20
 12463 | D:10     | Found a bloodstained altar of Trog.
 12470 | D:10     | Found a runed translucent door.
 12574 | D:10     | Noticed Banquo's ghost (journeyman DjAE)
 12658 | D:10     | Reached skill level 5 in Evocations
 13964 | D:11     | Reached skill level 5 in Dodging
 14177 | D:11     | Learned a level 5 spell: Freezing Cloud
 14269 | D:11     | Reached skill level 1 in Ice Magic
 14269 | D:11     | Reached skill level 1 in Air Magic
 14853 | D:12     | Noticed a two-headed ogre
 14859 | D:12     | Killed a two-headed ogre
 14882 | D:12     | Found a flickering gateway to a bazaar.
 14895 | Bazaar   | Entered a bazaar
 14908 | Bazaar   | Found Teawu's Jewellery Shoppe.
 14908 | Bazaar   | Found Guast's Weapon Shoppe.
 14942 | Bazaar   | Found Cuczapac's Jewellery Emporium.
 14942 | Bazaar   | Found Wiapte's General Store.
 14979 | Bazaar   | Bought a ring of wizardry for 330 gold pieces
 15008 | D:12     | Found a frozen archway.
 15010 | D:12     | Noticed an ice dragon
 15025 | D:12     | Killed an ice dragon
 15095 | IceCv    | Entered an ice cave
 15102 | IceCv    | Reached skill level 11 in Conjurations
 15176 | IceCv    | Reached XP level 12. HP: 18/88 MP: 7/22
 15415 | IceCv    | Noticed a death yak
 15433 | IceCv    | Killed a death yak
 15649 | IceCv    | Noticed a death yak
 15655 | IceCv    | Noticed a death yak
 15660 | IceCv    | Killed a death yak
 15663 | IceCv    | Killed a death yak
 16241 | IceCv    | Noticed a death yak
 16244 | IceCv    | Noticed a death yak
 16249 | IceCv    | Killed a death yak
 16250 | IceCv    | Reached skill level 1 in Long Blades
 16251 | IceCv    | Killed a death yak
 16306 | IceCv    | Noticed a frost giant
 16306 | IceCv    | Noticed a death yak
 16323 | IceCv    | Killed a death yak
 16325 | IceCv    | HP: 4/88 [frost giant/+2 battleaxe of freezing (11)]
 16326 | IceCv    | Demolished by a frost giant

Illustrated notes

Levels and vault maps discovered:
D:1:      psy_arrival_statuary, layout_rooms, minmay_misc_feat_chi
D:2:      mumra_celtic_spiral_tile, layout_loops_ring,
          shapermc_ecumenical_altar_hornbeckon, serial_shops,
          nicolae_shop_rolled_up, basic_altar, uniq_jessica
D:3:      layout_basic, led_sif_pool, serial_shops,
          nicolae_shop_just_a_little_nook, uniq_grinder, uniq_sigmund
D:4:      layout_loops_ring, fedhas_altar_3, hangedman_decor_growths
D:5:      layout_loops_cross, nicolae_uskayaw_suspiria,
          mainiacjoe_overflow_chevrons, general_overflow_altar,
          minmay_temple_entry_statues_pillars, serial_shops,
          kennysheep_little_box, st_stairs_7, uniq_edmund, uniq_duvessa
D:6:      wad_crossroads, layout_basic, lightli_temple_of_fire,
          mainiacjoe_overflow_cross_hatched, cheibrodos_sewer_entry_sluice
D:7:      layout_loops_corners, amcnicky_altar_gilded
D:8:      layout_rooms, kennysheep_mini, zin_statuary, serial_shops, shop,
          serial_aquarium, aquarium_bridge_square [aquarium_subvault_bridge,
          aquarium_subvault_wall, aquarium_subvault_bridge,
          aquarium_subvault_bridge], aquarium_bridge_straight
          [aquarium_subvault_bridge, aquarium_subvault_wall,
          aquarium_subvault_bridge, aquarium_subvault_wall], aquarium_window_1,
          aquarium_window_1, aquarium_window_3, aquarium_view_2d,
          aquarium_view_2c, uniq_maggie, uniq_joseph, uniq_amaemon
D:9:      nicolae_cairo_tiling_very_big, layout_basic, lemuel_tele_altar,
          dpeg_lair_monsters, serial_shops, shop
D:10:     layout_loops_ring, trog_three_pillars_becter,
          hellmonk_ghost_happy_afterlife
D:11:     layout_loops_corners
D:12:     layout_roguey, kennysheep_orc_monster_closet_entryway,
          portal_ice_cave_entry_animals_and_master, serial_shops,
          bzr_entry_customers, uniq_azrael
Temple:   chequers_temple_sunken
IceCv:    ice_cave_small_giant

Skill      XL: |  1  2  3  4  5  6  7  8  9 10 11 12 |
---------------+-------------------------------------+-----
Spellcasting   | 3 6 7 9 |  9.9
Conjurations   | 4 5 7 10 11 | 11.6
Necromancy     | 2 5 6 |  6.6
Hexes          | 2 |  2.0
Fighting       | 6 |  6.0
Dodging        | 3 5 |  5.0
Evocations     | 4 5 |  5.0
Stealth        | 2 |  2.5
Ice Magic      | 3 |  3.1
Air Magic      | 3 |  3.1
Long Blades    | 3 |  3.9

Action                     |  1- 3 |  4- 6 |  7- 9 | 10-12 || total
---------------------------+-------+-------+-------+-------++-------
  Melee: Rapier            |     1 |    12 |       |       ||    13
         Great sword       |       |       |   105 |    96 ||   201
  Throw: Throwing net      |       |       |     3 |       ||     3
   Cast: Magic Dart        |    67 |    37 |   138 |    32 ||   274
         Searing Ray       |     2 |    17 |    44 |    52 ||   115
         Kiss of Death     |       |       |     3 |     1 ||     4
         Dazzling Flash    |       |       |     2 |     9 ||    11
         Fulminant Prism   |       |       |    22 |    41 ||    63
         Dispel Undead     |       |       |       |    13 ||    13
         Iskenderun's Myst |       |       |       |     1 ||     1
         Freezing Cloud    |       |       |       |     4 ||     4
  Evoke: Wand              |       |       |       |     7 ||     7
    Use: Scroll            |     1 |     2 |    11 |     6 ||    20
   Stab: Sleeping          |       |       |     2 |       ||     2
         Invisible         |       |       |     1 |       ||     1
 Armour: Robe              |     2 |     5 |    33 |    83 ||   123
         Steam dragon scal |       |       |    41 |    44 ||    85
  Dodge: Dodged            |       |    19 |   135 |   233 ||   387
         Repelled          |       |       |       |     8 ||     8

Table legend: (Time is in decaauts)
 A = Elapsed time spent in this place.
 B = Non-inter-level travel time spent in this place.
 C = Inter-level travel time spent in this place.
 D = Time resting spent in this place.
 E = Time spent auto-exploring this place.
 F = Levels seen in this place.
 G = Mean time per level.
                   A        B        C        D        E       F      G
               +--------+--------+--------+--------+--------+-----+--------+
         Total |  16597 |  15904 |    693 |   2862 |  10152 |  16 | 1037.3 |
       Dungeon |  14573 |  13894 |    679 |   2216 |   9197 |  12 | 1214.4 |
        Temple |    236 |    223 |     13 |      0 |    215 |   1 |  236.0 |
        Bazaar |     97 |     97 |      0 |      0 |      0 |   1 |   97.0 |
         Sewer |    421 |    421 |      0 |      0 |    371 |   1 |  421.0 |
      Ice Cave |   1269 |   1269 |      0 |    646 |    368 |   1 | 1269.0 |
               +--------+--------+--------+--------+--------+-----+--------+

Top non-repeatable levels by time:
    D:11: 1823 daAuts
     D:7: 1616 daAuts
     D:2: 1546 daAuts
     D:8: 1509 daAuts
     D:3: 1434 daAuts
    D:10: 1370 daAuts
   IceCv: 1269 daAuts
     D:6: 1234 daAuts
     D:5: 1151 daAuts
     D:4: 1109 daAuts
     D:1: 969 daAuts
     D:9: 647 daAuts
   Sewer: 421 daAuts
  Temple: 236 daAuts
    D:12: 158 daAuts
